 Dungeon Crawl Stone Soup version 0.22-a0-750-ga7dcef7 (webtiles) character file.

39 sking99 the Skirmisher (level 3, 29/29 HPs)
             Began as a Demonspawn Fighter on July 15, 2018.
             Quit the game on level 2 of the Dungeon.
             The game lasted 00:01:18 (1684 turns).

sking99 the Skirmisher (Demonspawn Fighter)         Turns: 1684, Time: 00:01:19

Health: 29/29      AC:  8    Str: 17    XL:     3   Next: 26%
Magic:  3/3        EV:  6    Int:  9    God:
Gold:   48         SH:  8    Dex: 12    Spells: 2/2 levels left

rFire    . . .     SeeInvis .   a - +0 war axe
rCold    . . .     Gourm    .   c - +0 shield
rNeg     . . .     Faith    .   b - +0 scale mail
rPois    .         Spirit   .   (helmet restricted)
rElec    .         Reflect  .   (no cloak)
rCorr    .         Harm     .   (no gloves)
MR       .....                  (no boots)
Stlth    ..........             (no amulet)
HPRegen  0.09/turn              (no ring)
MPRegen  0.08/turn              (no ring)

@: no status effects
A: antennae 1, icy blue scales 1
a: no special abilities


You were on level 2 of the Dungeon.
You were very hungry.

You visited 1 branch of the dungeon, and saw 2 of its levels.

You collected 48 gold pieces.

Inventory:

Hand Weapons
 a - a +0 war axe (weapon)
Armour
 b - a +0 scale mail (worn)
 c - a +0 shield (worn)
Jewellery
 l - a cursed ring of teleportation {unknown}
Scrolls
 h - a scroll of identify {unknown}
 i - 2 scrolls of remove curse {unknown}
 j - a scroll of teleportation {unknown}
 k - a scroll of fear {unknown}
Potions
 d - 3 potions of might
 e - 2 potions of heal wounds {unknown}
 g - a potion of curing {unknown}
 m - a potion of haste {unknown}
 n - a potion of lignification {unknown}
Comestibles
 f - 7 rations


   Skills:
 + Level 3.4 Fighting
 * Level 2.7 Axes
 + Level 3.0 Armour
 - Level 2.6 Shields


You had 2 spell levels left.
You didn't know any spells.
Your spell library was empty.

Dungeon Overview and Level Annotations

Branches:
Dungeon (2/15)

Altars:


Innate Abilities, Weirdness & Mutations

You have a pair of small antennae on your head.
You are partially covered in icy blue scales. (AC +2)


Message History

You now have 48 gold pieces (gained 12).
Found a stone staircase leading down.
You are feeling very hungry.
There is a stone staircase leading down here.
f - 7 rations (gained 1)
Found 23 bolts.
You see here 23 bolts.
Found a stone staircase leading up.
There is a stone staircase leading up here.
There is a stone staircase leading down here.
There is a stone staircase leading up here.
Found a runed scarf.
You see here a runed scarf.
You see here a club.
A rat comes into view.
A rat is nearby! (m)acro, (M)acro raw, keymap [(k) default, (x) level-map, (t)argeting, (c)onfirm, m(e)nu], (s)ave?
Aborting.
Unknown command.
Are you sure you want to abandon this character and quit the game? (Confirm with "yes".)

##.# ...# #.$# ..r ##. #.. ....
####.##..... #...........
##.##@##..... #............ #.#
#..#####.#.## #.# #..##......#
#.# #.........### #.# ########
#..##.......# #.# ..[....#
#........♣..## #.# .#####.#
#####...♣_♣..# #.#
.#####.######.).....♣...#######..


You could see a rat (wandering).

Vanquished Creatures
  An ooze (D:2)
  A worm (D:2)
  A dart slug (D:1)
  A leopard gecko (D:1)
  A giant cockroach (D:1)
  5 goblins
  5 hobgoblins
  4 jackals (D:1)
  A kobold (D:1)
  6 rats
26 creatures vanquished.

Notes
Turn   | Place    | Note
-------+----------+-------------------------------------------
     0 | D:1      | sking99 the Demonspawn Fighter began the quest for the Orb.
     0 | D:1      | Reached XP level 1. HP: 18/18 MP: 1/1
   265 | D:1      | Gained mutation: You have a pair of small antennae on your head. [demonic ancestry]
   265 | D:1      | Reached XP level 2. HP: 22/24 MP: 2/2
  1267 | D:2      | Found a faded altar of an unknown god.
  1269 | D:2      | Gained mutation: You are partially covered in icy blue scales. (AC +2) [demonic ancestry]
  1269 | D:2      | Reached XP level 3. HP: 27/29 MP: 3/3
  1684 | D:2      | Quit the game

Vault maps used:
D:1:      erik_arrival_cave_to_civilisation, minmay_misc_feat_room
D:2:      kennysheep_big_flooded_room, chequers_ecumenical_altar_simple

Skill      XL: |  1  2 |
---------------+-------+-----
Axes           | 2 |  2.7
Armour         | 3 |  3.0
Fighting       | |  3.4
Shields        | |  2.6

Action                   || total
-------------------------++-------
Melee: War axe           ||    87
  Eat: Chunk             ||     1
Armor: Scale mail        ||    31
Dodge: Dodged            ||    33
Block: Shield            ||    39

Table legend:
 A = Spawn XP
 B = Non-spawn XP
 C = Spawn XP percentage of total XP
 D = Spawn monster count
 E = Non-spawn monster count
 F = Spawn count percentage of total count
 G = Total turns spent on level
                    A         B        C        D         E        F      G
               +---------+---------+-------+---------+---------+-------+---------
         Total |       0 |      56 |   0.0 |       0 |      26 |   0.0 |  1684
               +---------+---------+-------+---------+---------+-------+---------
           D:1 |       0 |      28 |   0.0 |       0 |      14 |   0.0 |   831
           D:2 |       0 |      28 |   0.0 |       0 |      12 |   0.0 |   853
               +---------+---------+-------+---------+---------+-------+---------
